 Dungeon Crawl Stone Soup version 0.30-a0-576-g89cddaab80 (webtiles) character file.

Game seed: 4499783978682237532

12141 wilfster70 the Cleaver (level 11, -4/107 HPs)
             Began as a Hill Orc Monk on Dec 30, 2022.
             Was an Elder of Beogh.
             Slain by a red devil
             ... wielding a +0 trident
             ... summoned by Frances
              (10 damage)
             ... on level 12 of the Dungeon.
             The game lasted 00:23:58 (11646 turns).

wilfster70 the Cleaver (Hill Orc Monk)             Turns: 11646, Time: 00:23:58

Health: -4/107     AC: 19    Str: 19    XL:     11   Next: 88%
Magic:  14/19      EV: 16    Int: 10    God:    Beogh [****..]
Gold:   541        SH:  0    Dex: 13    Spells: 10/10 levels left

rFire   . . .      SeeInvis .    a - +1 war axe
rCold   . . .      Faith    .    (no shield)
rNeg    . . .      Spirit   .    A - +0 swamp dragon scales
rPois   +          Reflect  .    (no helmet)
rElec   .          Harm     .    F - +2 cloak {rPois}
rCorr   .          Rampage  .    d - +0 pair of gloves
Will    .....                    w - +0 pair of boots
Stlth   +                        (no amulet)
HPRegen 0.37/turn                b - +4 ring of protection
MPRegen 0.16/turn                q - +5 ring of evasion

@: spiked
A: no striking features
a: Renounce Religion, Smiting, Recall Orcish Followers


You were on level 12 of the Dungeon.
You worshipped Beogh.
Beogh was greatly pleased with you.
You visited 1 branch of the dungeon, and saw 12 of its levels.

You collected 541 gold pieces.

Inventory:

Hand Weapons
 a - a +1 war axe (weapon)
 g - a +0 spear of flaming
 t - a +0 trident
 x - a +1 heavy trident
Armour
 d - a +0 pair of gloves (worn)
 k - a +0 troll leather armour
 w - a +0 pair of boots (worn)
 A - +0 swamp dragon scales (worn)
 F - a +2 cloak of poison resistance (worn)
Jewellery
 b - a +4 ring of protection (left hand)
 q - a +5 ring of evasion (right hand)
Wands
 j - a wand of flame (33)
 s - a wand of roots (29)
 v - a wand of paralysis (4)
 y - a wand of digging (12)
Scrolls
 e - 4 scrolls of teleportation
 h - a scroll of magic mapping
 l - 2 scrolls of silence
 p - a scroll of blinking
Potions
 c - 2 potions of ambrosia
 f - 6 potions of haste
 i - 4 potions of curing
 m - 2 potions of might
 n - a potion of attraction {unknown}
 o - 5 potions of mutation
 u - 5 potions of lignification
 z - 2 potions of berserk rage
 D - 2 potions of flight


   Skills:
 + Level 13.5 Fighting
 - Level 14.0 Axes
 - Level 7.1 Armour
 - Level 2.4 Dodging
 - Level 1.5 Stealth
 + Level 11.3 Invocations


You had 10 spell levels left.
You didn't know any spells.
Your spell library contained the following spells:

 Spells                   Type           Power      Damage    Failure   Level
 Apportation              Tloc           0%         N/A       52%         1
 Foxfire                  Conj/Fire      0%         2x1d4     52%         1
 Magic Dart               Conj           0%         1d3       52%         1
 Call Imp                 Summ           0%         N/A       67%         2
 Call Canine Familiar     Summ           0%         N/A       88%         3
 Mephitic Cloud           Conj/Pois/Air  0%         N/A       88%         3
 Ozocubu's Armour         Ice            0%         N/A       88%         3
 Portal Projectile        Hex/Tloc       0%         N/A       88%         3
 Leda's Liquefaction      Hex/Erth       0%         N/A       99%         4
 Alistair's Intoxication  Tmut/Pois      0%         N/A       100%        5
 Fireball                 Conj/Fire      0%         3d3       100%        5
 Metabolic Englaciation   Hex/Ice        0%         N/A       100%        5
 Summon Forest            Summ/Tloc      0%         N/A       100%        5
 Summon Mana Viper        Hex/Summ       0%         N/A       100%        5
 Simulacrum               Ice/Necr       0%         N/A       100%        6
 Starburst                Conj/Fire      0%         6d3       100%        6
 Summon Cactus Giant      Summ           0%         N/A       100%        6


Dungeon Overview and Level Annotations

Branches:
Dungeon (12/15)            Temple (0/1) D:5            Lair (0/5) D:10
    Orc (0/2) D:10

Altars:
Hepliaklqana
Okawaru

Shops:
D:9 :

Annotations:
D:12 Frances


Message History

Morguth hits the centaur with a +0 trident!
The centaur completely misses you. The centaur misses you.
The hellwing hits you but does no damage.
The hellwing hits you.
* * * LOW HITPOINT WARNING * * *
The red devil hits you but does no damage.
Your orc wizard hits the hellwing but does no damage.
You miss the red devil. You hit the hellwing but do no damage.
You slash the centaur! You slash Frances! The centaur misses you.
The centaur closely misses you.
Frances whispers indecipherable words.
Frances seems to speed up.
Morguth closely misses the centaur.
Your orc closely misses the centaur.
The hellwing hits you.
* * * LOW HITPOINT WARNING * * *
The hellwing misses you.
The red devil hits you but does no damage.
You feel better. The centaur barely misses you.
The centaur kicks you but does no damage.
Frances closely misses you.
Your orc wizard hits the hellwing but does no damage.
Morguth hits the centaur with a +0 trident.
The centaur dies!
Beogh accepts your kill.
The red devil hits you with a +0 trident.
* * * LOW HITPOINT WARNING * * *
Barbed spikes become lodged in your body.
The hellwing closely misses you. The hellwing barely misses you.
Aiming: Smiting
Press: ? - help, Dir - move target, f/p - Frances Smite: Frances, wielding a +0 trident and wearing a +0 scale mail (moderately wounded, fast, ally target)
You smite Frances!
Frances is moderately wounded.
Frances hits you with a +0 trident!
* * * LOW HITPOINT WARNING * * *
Your orc wizard casts a spell at the red devil.
The magic dart hits the hellwing but does no damage.
Frances hits you with a +0 trident!
* * * LOW HITPOINT WARNING * * *
The red devil hits you with a +0 trident!
You die...

#...........#
##...........##
###..............
.................
..............).#
................#
......@44.......#
#@oo.....# ##.o.....# ###
#>).....# #.## #.......#
#..## ##......# ##oo###
#......# ###..## ####
#......## ##o.#####..##
##......##
###...o.##....####........


You could see Frances (fast, ally target), a hellwing (summoned, distracted), a
red devil (summoned, ally target), the friendly Morguth the orc knight, a
friendly orc wizard (strong, invisible) and a friendly orc (strong).

Vanquished Creatures
  2 two-headed ogres
  Pikel (D:6)
  Maurice (D:9)
  An unseen horror (D:7)
  Maggie (D:8)
  A komodo dragon (D:11)
  A rime drake (D:10)
  A polar bear (D:9)
  Grinder (D:6)
  Prince Ribbit (D:5)
  2 hornets
  A shadow (D:10)
  A vampire (D:11)
  A wraith (D:11)
  10 yaks (D:8)
  2 wyverns
  A basilisk (D:11)
  A steam dragon (D:9)
  4 vampire mosquitoes (D:11)
  An acid dragon (D:11)
  3 water moccasins
  A black bear (D:6)
  8 ice beasts
  3 sky beasts (D:6)
  3 orc warriors
  An ogre (D:7)
  3 centaurs
  3 wolves
  3 lemures (D:6)
  A kobold brigand (D:6)
  3 bullfrogs
  3 scorpions
  17 killer bees
  5 howler monkeys
  A lava snake (D:11)
  2 hounds
  2 jellies
  2 gnoll boudas
  An orc priest (D:8)
  An iguana (D:7)
  12 orc wizards
  A killer bee simulacrum (D:8)
  16 gnolls
  3 adders
  A shadow imp (D:6)
  A white imp (D:7)
  3 ufetubi
  A worm (D:5)
  A dart slug (D:3)
  28 orcs
  8 endoplasms
  A giant cockroach (D:3)
  10 hobgoblins
  4 jackals (D:4)
  15 kobolds
  A quokka (D:1)
  6 ball pythons
  5 bats
  3 frilled lizards
  6 goblins
  7 rats
234 creatures vanquished.

Vanquished Creatures (collateral kills)
  A two-headed ogre (D:11)
  A komodo dragon (D:12)
  A troll (D:11)
  A vampire (D:10)
  3 ice beasts (D:9)
  3 centaurs
  2 gnoll sergeants
  3 killer bees (D:9)
  An orc priest (D:10)
  2 orc wizards (D:11)
  3 gnolls (D:10)
  2 orcs
23 creatures vanquished.

Vanquished Creatures (others)
  An orc warrior (D:12)
  2 orcs
  3 plants (D:5)
6 creatures vanquished.

Grand Total: 263 creatures vanquished

Notes
Turn   | Place    | Note
-------+----------+-------------------------------------------
     0 | D:1      | wilfster70 the Hill Orc Monk began the quest for the Orb.
     0 | D:1      | Reached XP level 1. HP: 19/19 MP: 1/1
   194 | D:1      | Reached XP level 2. HP: 27/27 MP: 2/2
   635 | D:1      | Reached skill level 1 in Armour
   846 | D:2      | Reached XP level 3. HP: 33/33 MP: 3/3
   905 | D:2      | Reached skill level 5 in Axes
  1070 | D:2      | Found a hazy altar of Hepliaklqana.
  1484 | D:2      | Found a faded altar of an unknown god.
  1827 | D:3      | Reached XP level 4. HP: 37/40 MP: 4/4
  2274 | D:4      | Found an iron altar of Okawaru.
  2621 | D:4      | Reached skill level 6 in Axes
  2621 | D:4      | Reached XP level 5. HP: 30/47 MP: 5/5
  3447 | D:5      | Entered Level 5 of the Dungeon
  3564 | D:5      | Found a staircase to the Ecumenical Temple.
  3583 | D:5      | Reached skill level 5 in Fighting
  3583 | D:5      | Reached skill level 7 in Axes
  3583 | D:5      | Reached XP level 6. HP: 50/56 MP: 6/6
  3651 | D:5      | Noticed Prince Ribbit
  3681 | D:5      | Killed Prince Ribbit
  3682 | D:5      | Reached skill level 8 in Axes
  3682 | D:5      | Reached XP level 7. HP: 9/62 MP: 7/7
  4212 | D:6      | Reached skill level 9 in Axes
  4212 | D:6      | Reached XP level 8. HP: 70/70 MP: 8/8
  4359 | D:6      | Noticed Pikel
  4421 | D:6      | Killed Pikel
  4422 | D:6      | Reached skill level 10 in Axes
  4422 | D:6      | Reached skill level 5 in Armour
  4514 | D:6      | Reached skill level 11 in Axes
  4565 | D:6      | Reached XP level 9. HP: 79/79 MP: 9/9
  4900 | D:6      | Noticed Grinder
  4953 | D:6      | Killed Grinder
  5355 | D:7      | Reached skill level 12 in Axes
  5684 | D:7      | Killed an unseen horror
  5765 | D:7      | Became a worshipper of Beogh the Brigand
  5765 | D:7      | Reached * piety under Beogh
  5765 | D:7      | Reached ** piety under Beogh
  6120 | D:7      | Identified the +7 sling "Jiaving" {speed, *Slow Dex+5}
  6276 | D:8      | Noticed Maggie
  6288 | D:8      | Reached skill level 13 in Axes
  6288 | D:8      | Reached skill level 1 in Invocations
  6318 | D:8      | Killed Maggie
  6319 | D:8      | Reached XP level 10. HP: 16/91 MP: 9/11
  6662 | D:8      | Reached skill level 14 in Axes
  7030 | D:8      | Reached skill level 10 in Fighting
  7064 | D:8      | Reached skill level 5 in Invocations
  7711 | D:9      | Reached *** piety under Beogh
  7748 | D:9      | Noticed Maurice
  7767 | D:9      | Killed Maurice
  7876 | D:9      | Found Kimiur's Book Shop.
  7938 | D:9      | Reached XP level 11. HP: 102/102 MP: 16/16
  8892 | D:10     | Entered Level 10 of the Dungeon
  8892 | D:10     | Noticed a two-headed ogre
  9295 | D:10     | Found a staircase to the Orcish Mines.
  9540 | D:10     | Killed a two-headed ogre
  9553 | D:10     | Reached **** piety under Beogh
  9725 | D:10     | Found a staircase to the Lair.
  9828 | D:10     | Reached skill level 10 in Invocations
 10610 | D:11     | Gained Morguth as an ally
 10836 | D:11     | Noticed a two-headed ogre
 10848 | D:11     | Killed a two-headed ogre
 10927 | D:11     | Noticed a two-headed ogre
 10932 | D:11     | Killed a two-headed ogre
 11629 | D:12     | Noticed Frances
 11646 | D:12     | Slain by a red devil

Illustrated notes

Levels and vault maps discovered:
D:1:      mainiacjoe_arrival_reflecting_pool, layout_loops_ring
D:2:      layout_basic, basic_altar,
          dreamdust_ecumenical_altar_hidden_monk_grotto,
          kennysheep_generic_room_10
D:3:      layout_rooms
D:4:      layout_loops_corners, kennysheep_little_box
D:5:      layout_rooms, minmay_temple_entry_gardened_gates, st_stairs_14,
          amcnicky_mini_corridor_feature, guppyfry_early_lair_pool,
          uniq_prince_ribbit1
D:6:      minmay_evil_eye, layout_loops_ring, minmay_misc_feat_five,
          uniq_grinder, uniq_pikel
D:7:      layout_basic
D:8:      layout_gridville, serial_ice, serial_ice_n, serial_ice_l,
          serial_ice_f, serial_ice_o, serial_ice_c, serial_ice_b, uniq_maggie
D:9:      layout_roguey, serial_shops, shop, uniq_maurice
D:10:     layout_loops_ring, hellmonk_lair_entry_icy,
          minmay_orc_entry_temple_small
D:11:     layout_long_grid, kennysheep_dice
D:12:     layout_cave_pods, uniq_frances, uniq_jorgrun

Skill      XL: |  1  2  3  4  5  6  7  8  9 10 11 |
---------------+----------------------------------+-----
Armour         | 1 2 3 4 5 7 |  7.1
Fighting       | 4 5 6 7 9 11 13 | 13.5
Axes           | 5 6 7 8 9 11 13 14 | 14.0
Invocations    | 2 7 11 | 11.3
Dodging        | |  2.4
Stealth        | |  1.5

Action                   |  1- 3 |  4- 6 |  7- 9 | 10-12 || total
-------------------------+-------+-------+-------+-------++-------
Melee: Hand axe          |    99 |   131 |   340 |   155 ||   725
       Punch             |     1 |     1 |     5 |     2 ||     9
       War axe           |       |       |       |   246 ||   246
Invok: Convert to Beogh  |       |       |     1 |       ||     1
       Smiting           |       |       |       |     2 ||     2
  Use: Scroll            |     6 |     7 |     4 |     8 ||    25
       Potion            |       |       |     1 |     4 ||     5
 Stab: Sleeping          |     2 |     1 |       |       ||     3
       Distracted        |       |       |       |     3 ||     3
Armor: Robe              |    11 |       |       |       ||    11
       Ring mail         |     6 |    25 |       |       ||    31
       Plate armour      |       |    27 |   186 |       ||   213
       Swamp dragon scal |       |       |       |   351 ||   351
       Skin              |       |       |       |     8 ||     8
Dodge: Dodged            |    58 |    49 |    60 |   322 ||   489

Table legend: (Time is in decaauts)
 A = Elapsed time spent in this place.
 B = Non-inter-level travel time spent in this place.
 C = Inter-level travel time spent in this place.
 D = Time resting spent in this place.
 E = Time spent auto-exploring this place.
 F = Levels seen in this place.
 G = Mean time per level.
                   A        B        C        D        E       F      G
               +--------+--------+--------+--------+--------+-----+--------+
         Total |  11460 |  10993 |    467 |   3279 |   4438 |  12 |  955.0 |
       Dungeon |  11460 |  10993 |    467 |   3279 |   4438 |  12 |  955.0 |
               +--------+--------+--------+--------+--------+-----+--------+

Top non-repeatable levels by time:
     D:9: 1500 daAuts
    D:11: 1499 daAuts
     D:8: 1421 daAuts
     D:4: 1184 daAuts
     D:6: 1058 daAuts
     D:2: 977 daAuts
     D:7: 921 daAuts
     D:1: 841 daAuts
     D:5: 752 daAuts
    D:10: 717 daAuts
     D:3: 452 daAuts
    D:12: 134 daAuts
